 Dungeon Crawl Stone Soup version 0.21-a0-360-g65c131b (webtiles) character file.

38819 GordonOverkill the Severer (level 13, -2/113 HPs)
             Began as a Minotaur Fire Elementalist on Oct 13, 2017.
             Was an Elder of Makhleb.
             Splashed by an oklob plant's acid (17 damage)
             ... on level 6 of the Lair of Beasts.
             The game lasted 00:39:06 (23143 turns).

GordonOverkill the Severer (MiFE)                  Turns: 23143, Time: 00:39:06

Health: -2/113     AC:  3    Str: 17    XL:     13   Next: 65%
Magic:  29/29      EV: 13    Int: 16    God:    Makhleb [****..]
Gold:   832        SH:  5    Dex: 12    Spells: 14/14 levels left

rFire    . . .     SeeInvis .   F - +7 flail of Cymughoc {elec, Int+4}
rCold    + + .     Gourm    +   M - +0 buckler
rNeg     . . .     Faith    .   C - +3 ring mail of Irulotey {rC++ MR+}
rPois    .         Spirit   .   (helmet restricted)
rElec    .         Reflect  .   (no cloak)
rCorr    .         Harm     .   (no gloves)
MR       +....                  N - +0 pair of boots
Stlth    ++........             T - amulet of the gourmand
HPRegen  0.28/turn              D - ring of magical power
MPRegen  0.21/turn              j - ring of stealth

@: corroded
A: retaliatory headbutt, horns 2
a: Minor Destruction, Lesser Servant of Makhleb, Major Destruction, Renounce
Religion


You were on level 6 of the Lair of Beasts.
You worshipped Makhleb.
Makhleb was greatly pleased with you.
You were completely stuffed.

You visited 3 branches of the dungeon, and saw 18 of its levels.

You collected 922 gold pieces.
You spent 90 gold pieces at shops.

Inventory:

Hand Weapons
 k - a +1 hand axe
 r - a +0 war axe of freezing
 F - the +7 flail of Cymughoc (weapon) {elec, Int+4}
   (You found it on level 8 of the Dungeon)

   Occasionally, upon striking a foe, it will discharge some electrical energy
   and cause terrible harm.
   It affects your intelligence (+4).
 L - a +2 war axe of chopping
 Q - the +1 executioner's axe of Trog's Favour {holy, rN+}
   (You acquired it on level 4 of the Lair of Beasts)

   It has been blessed by the Shining One to cause great damage to the undead
   and demons.
   It protects you from negative energy.
Missiles
 H - a throwing net (quivered)
Armour
 C - the +3 ring mail of Irulotey (worn) {rC++ MR+}
   (You found it on level 7 of the Dungeon)

   It greatly protects you from cold.
   It affects your resistance to hostile enchantments.
 G - a +0 plate armour
 M - a +0 buckler (worn)
 N - a +0 pair of boots (worn)
Jewellery
 j - a ring of stealth (right hand)
 D - a ring of magical power (left hand)
 T - an amulet of the gourmand (around neck)
Wands
 h - a wand of acid (1/15)
 i - a wand of digging (3/24)
 p - a wand of paralysis (3/24)
 t - a wand of random effects (18/48)
 w - a wand of confusion (6/48)
 y - a wand of paralysis (15/24)
 z - a wand of clouds (6/9)
 E - a wand of iceblast (8/15)
 J - a wand of paralysis (12/24)
 R - a wand of confusion (29/48)
Scrolls
 e - 10 scrolls of remove curse
 f - 5 scrolls of teleportation
 m - a scroll of fog
 o - 4 scrolls of fear
 s - a scroll of magic mapping
 A - 3 scrolls of amnesia
 I - 8 scrolls of identify
 K - 3 scrolls of enchant armour
 S - a scroll of holy word
 U - a scroll of brand weapon
Potions
 a - 5 potions of brilliance
 b - 2 potions of might
 d - 3 potions of magic
 g - a potion of ambrosia {unknown}
 n - a potion of cancellation
 u - 3 potions of curing
 v - 3 potions of haste
 B - a potion of lignification
 P - 2 potions of heal wounds
Comestibles
 c - 17 bread rations
 l - 3 royal jellies
 q - 4 chunks of flesh
 x - 6 meat rations


   Skills:
 - Level 10.0 Fighting
 - Level 18.3 Axes
 - Level 10.0 Armour
 + Level 5.2 Dodging
 - Level 1.5 Stealth
 - Level 4.4 Shields
 - Level 1.3 Spellcasting
   Level 0.6 Conjurations
   Level 2.1 Fire Magic
 * Level 11.0 Invocations


You had 14 spell levels left.
You didn't know any spells.

Dungeon Overview and Level Annotations

Branches:
Dungeon (11/15)            Temple (1/1) D:5            Lair (6/6) D:11
 Shoals (0/4) Lair:4       Spider (0/4) Lair:4          Orc (0/2) D:11
  Slime: Lair:5-6

Altars:
Ashenzari
Cheibriados
Dithmenos
Elyvilon
Fedhas
Gozag
Hepliaklqana
Kikubaaqudgha
Makhleb
Nemelex Xobeh
Okawaru
Qazlal
Ru
Sif Muna
Trog
Uskayaw
Vehumet
Wu Jian
Xom
Yredelemnul
Zin
The Shining One

Shops:
D:6 =

Annotations:
Lair:6 exclusion: oklob plant


Innate Abilities, Weirdness & Mutations

You reflexively headbutt those who attack you in melee.
You have a pair of horns on your head.


Message History

The oklob plant spits acid at you. The splash of acid hits you!
You are splashed with acid!
The acid burns!
A black mamba comes into view.
You see here a runed lapis lazuli amulet.
You sock the bush! Lightning courses through the bush!
The bush is moderately damaged.
The oklob plant spits acid at you. The splash of acid hits you!
The acid corrodes you!
You are splashed with acid!
The acid burns!
The oklob plant spits acid at you. The splash of acid hits you!
* * * LOW HITPOINT WARNING * * *
You are splashed with acid!
The acid burns!
* * * LOW HITPOINT WARNING * * *
Your hellwing hits the bush but does no damage. x2
The oklob plant spits acid at you. The splash of acid hits you!
* * * LOW HITPOINT WARNING * * *
The acid corrodes you!
You are splashed with acid!
The acid burns!
You die...

.# #### ##......... .##
#.P# #.......... ..####.#
#.....H.... .÷.....#
##...)..... ......≈###
#...PPP .P≈≈...≈.###
#..4PPP .#
≈≈≈P..P..P.#####...PPP...
≈≈≈≈P≈≈≈≈≈..≈.≈........#
≈≈≈≈≈≈≈P≈≈≈≈..≈.@.........
#≈≈≈PP≈≈≈≈≈≈.P............
###≈≈≈≈≈≈≈≈≈≈≈...........#
≈≈≈≈≈≈≈≈≈≈≈≈≈.≈...P......
≈≈≈≈≈≈P≈≈≈≈≈≈≈.P.........
.≈≈≈≈.≈≈≈≈≈≈≈≈!P..##.....
.≈P≈≈≈≈≈≈≈≈≈.P..## ...P
≈P≈≈≈≈≈≈≈...## ..


You could see an oklob plant, a hippogriff and a friendly hellwing.

Vanquished Creatures
  Rupert (Lair:5)
  3 hydras (Lair:1)
  2 two-headed ogres
  A catoblepas (Lair:4)
  A death yak (Lair:4)
  2 elephants (Lair:4)
  A merfolk siren (Lair:4)
  4 black mambas
  12 spiny frogs
  2 centaur skeletons (D:11)
  5 komodo dragons
  2 jumping spiders (Lair:4)
  A polar bear (Lair:5)
  3 tyrant leeches (Lair:6)
  A hornet (D:9)
  Prince Ribbit (D:8)
  11 dream sheep
  10 blink frogs
  5 hippogriffs
  4 redbacks (Lair:4)
  A meliai zombie (D:8)
  A shadow (D:11)
  16 yaks
  Sigmund (D:3)
  A wyvern (Lair:5)
  A basilisk (Lair:2)
  4 vampire mosquitoes (Lair:6)
  A hungry ghost (D:7)
  Edmund (D:3)
  2 wargs (D:11)
  10 water moccasins
  2 porcupines
  3 orc warriors
  A necrophage (D:9)
  2 black bears
  A hornet zombie (D:9)
  3 phantoms
  2 sky beasts
  2 ice beasts (D:9)
  15 centaurs
  9 crocodiles
  17 wolves
  8 ogres
  3 big kobolds
  The ghost of Turtleman12345 the Conjurer, an amateur TeCj (D:3)
  11 bullfrogs
  A gnoll sergeant (D:10)
  3 scorpions
  A water moccasin skeleton (D:11)
  A wyvern skeleton (D:8)
  9 killer bees
  A howler monkey (D:8)
  7 crimson imps
  A centaur zombie (D:7)
  8 hounds
  A bullfrog skeleton (D:8)
  2 bullfrog zombies
  5 jellies
  8 orc priests
  6 orc wizards
  Ijyb (D:5)
  5 iguanas
  Natasha (thrice) (D:4)
  7 worker ants
  3 hound skeletons
  3 worker ant zombies (D:9)
  7 gnolls
  14 adders
  A shadow imp (D:6)
  A white imp (D:5)
  An ooze (D:6)
  An adder zombie (D:6)
  4 worms
  A dart slug (D:1)
  6 leopard geckos
  44 orcs
  2 ball pythons
  11 bats
  4 giant cockroaches
  8 hobgoblins
  13 jackals
  23 kobolds
  6 quokkas
  5 frilled lizards
  A giant cockroach zombie (D:6)
  6 goblins
  A goblin skeleton (D:5)
  5 hobgoblin zombies (D:5)
  A jackal skeleton (D:8)
  A kobold skeleton (D:5)
  2 kobold zombies (D:5)
  An orc skeleton (D:5)
  2 orc zombies (D:5)
  5 rats
444 creatures vanquished.

Vanquished Creatures (collateral kills)
  Snorg (Lair:4)
  A hydra (Lair:5)
  2 death yaks (Lair:4)
  3 elephants (Lair:4)
  3 spiny frogs (Lair:6)
  3 komodo dragons
  A tyrant leech (Lair:6)
  5 blink frogs (Lair:6)
  2 yaks
  A vampire mosquito (Lair:6)
  3 bullfrogs (Lair:6)
  A plant (Lair:6)
26 creatures vanquished.

Vanquished Creatures (others)
  19 fungi
  44 plants
63 creatures vanquished.

Grand Total: 533 creatures vanquished

Notes
Turn   | Place    | Note
-------+----------+-------------------------------------------
     0 | D:1      | GordonOverkill the Minotaur Fire Elementalist began the quest for the Orb.
     0 | D:1      | Reached XP level 1. HP: 14/14 MP: 1/1
    57 | D:1      | Reached skill level 1 in Fighting
   301 | D:1      | Reached XP level 2. HP: 15/24 MP: 3/3
  1059 | D:2      | Reached XP level 3. HP: 22/31 MP: 4/4
  1157 | D:2      | Reached skill level 1 in Axes
  1364 | D:2      | Reached skill level 2 in Axes
  1364 | D:2      | Reached XP level 4. HP: 12/38 MP: 5/5
  1664 | D:2      | Reached skill level 3 in Axes
  2644 | D:3      | Noticed Turtleman12345's ghost (amateur TeCj)
  2875 | D:2      | Reached skill level 4 in Axes
  2993 | D:3      | Killed Turtleman12345's ghost
  2993 | D:3      | Reached skill level 5 in Axes
  2993 | D:3      | Reached XP level 5. HP: 36/45 MP: 6/6
  3190 | D:3      | Noticed Sigmund
  3199 | D:3      | Killed Sigmund
  3199 | D:3      | Reached skill level 7 in Axes
  3199 | D:3      | Reached XP level 6. HP: 43/51 MP: 7/7
  3743 | D:4      | Noticed Edmund
  3746 | D:4      | Noticed Natasha
  3793 | D:3      | Killed Edmund
  3793 | D:3      | Reached skill level 8 in Axes
  3793 | D:3      | Reached XP level 7. HP: 13/57 MP: 8/8
  4239 | D:4      | Found a sacrificial altar of Ru.
  4347 | D:4      | Reached skill level 9 in Axes
  4642 | D:4      | Killed Natasha
  4782 | D:4      | Noticed an air elemental
  4785 | D:4      | Found a stormy altar of Qazlal.
  4786 | D:4      | Noticed a fire elemental
  4786 | D:4      | Noticed a water elemental
  4855 | D:4      | Noticed Natasha
  4864 | D:4      | Killed Natasha
  4869 | D:4      | Noticed Natasha
  4872 | D:4      | Killed Natasha
  4988 | D:5      | Entered Level 5 of the Dungeon
  5018 | D:5      | Reached skill level 10 in Axes
  5267 | D:5      | Reached XP level 8. HP: 32/63 MP: 9/9
  5793 | D:5      | Found a glowing golden altar of the Shining One.
  5793 | D:5      | Noticed Ijyb
  5808 | D:5      | Killed Ijyb
  5824 | D:5      | Reached skill level 11 in Axes
  5905 | D:5      | Found a staircase to the Ecumenical Temple.
  5914 | Temple   | Entered the Ecumenical Temple
  6223 | Temple   | Became a worshipper of Makhleb the Destroyer
  7131 | D:6      | Reached skill level 12 in Axes
  7219 | D:6      | Found Zin's Purification Station.
  7219 | D:6      | Found a glowing silver altar of Zin.
  7228 | D:6      | Bought a potion of curing for 90 gold pieces
  7482 | D:6      | Found Olaurufa's Jewellery Boutique.
  7818 | D:6      | Found a deep blue altar of Sif Muna.
  8064 | D:7      | Reached skill level 13 in Axes
  8064 | D:7      | Reached XP level 9. HP: 53/69 MP: 10/10
  8151 | D:7      | Reached * piety under Makhleb
  8241 | D:7      | Found a radiant altar of Vehumet.
  8292 | D:7      | Got an encrusted ring mail
  8293 | D:7      | Identified the +3 ring mail of Irulotey {rC++ MR+} (You found it on level 7 of the Dungeon)
  8702 | D:7      | Reached skill level 14 in Axes
  8903 | D:7      | Found a blossoming altar of Fedhas.
  8929 | D:7      | Found an ornate altar of the Wu Jian Council.
  9439 | D:8      | Reached skill level 5 in Fighting
  9441 | D:8      | Noticed Prince Ribbit
  9454 | D:8      | Killed Prince Ribbit
  9754 | D:8      | Found a stormy altar of Qazlal.
  9816 | D:8      | Got a fine flail
  9817 | D:8      | Identified the +7 flail of Cymughoc {elec, Int+4} (You found it on level 8 of the Dungeon)
 10105 | D:8      | Reached ** piety under Makhleb
 10126 | D:8      | Reached XP level 10. HP: 60/86 MP: 11/11
 10245 | D:8      | Found a bloodstained altar of Trog.
 10344 | D:8      | Noticed a two-headed ogre
 10354 | D:8      | Killed a two-headed ogre
 10808 | D:8      | Found a hide-covered altar of Uskayaw.
 10812 | D:8      | Found a basalt altar of Yredelemnul.
 10817 | D:8      | Found an opulent altar of Gozag.
 10965 | D:9      | Reached skill level 15 in Axes
 11621 | D:9      | Reached *** piety under Makhleb
 11713 | D:9      | Reached skill level 10 in Fighting
 11814 | D:9      | Reached skill level 1 in Armour
 11824 | D:9      | Found a radiant altar of Vehumet.
 11883 | D:9      | Found a white marble altar of Elyvilon.
 12065 | D:9      | Found a hazy altar of Hepliaklqana.
 12155 | D:10     | Entered Level 10 of the Dungeon
 12328 | D:10     | Found an opulent altar of Gozag.
 12901 | D:11     | Found a staircase to the Lair.
 12910 | D:11     | Reached skill level 1 in Shields
 12915 | D:11     | Reached XP level 11. HP: 38/99 MP: 12/12
 12918 | D:11     | Reached **** piety under Makhleb
 12920 | D:11     | Noticed a two-headed ogre
 12941 | D:11     | Killed a two-headed ogre
 12953 | D:11     | Reached skill level 16 in Axes
 13262 | D:11     | Found a staircase to the Orcish Mines.
 13575 | D:11     | Reached skill level 5 in Armour
 13827 | Lair:1   | Entered Level 1 of the Lair of Beasts
 14003 | Lair:1   | You fall through a shaft!
 14173 | Lair:1   | Noticed a six-headed hydra
 14185 | Lair:1   | Killed a six-headed hydra
 15089 | Lair:1   | Noticed a four-headed hydra
 15095 | Lair:1   | Killed a four-headed hydra
 15489 | Lair:1   | Noticed a seven-headed hydra
 15499 | Lair:1   | Killed a seven-headed hydra
 15499 | Lair:1   | Reached skill level 17 in Axes
 15499 | Lair:1   | Reached XP level 12. HP: 58/106 MP: 13/13
 16051 | Lair:2   | Reached skill level 10 in Armour
 16172 | Lair:2   | Reached skill level 1 in Invocations
 16947 | Lair:3   | Reached ***** piety under Makhleb
 17854 | Lair:4   | Reached skill level 5 in Invocations
 17920 | Lair:4   | Found a staircase to the Shoals.
 18120 | Lair:4   | Found a hole to the Spider Nest.
 19116 | Lair:4   | Identified a scroll of acquirement
 19119 | Lair:4   | Got a twisted executioner's axe
 19125 | Lair:4   | Identified the +1 executioner's axe of Trog's Favour {holy, rN+} (You acquired it on level 4 of the Lair of Beasts)
 19446 | Lair:4   | Noticed a catoblepas
 19725 | Lair:4   | Killed a catoblepas
 19725 | Lair:4   | Reached skill level 18 in Axes
 20099 | Lair:5   | Noticed Rupert
 20110 | Lair:5   | Killed Rupert
 20110 | Lair:5   | Reached XP level 13. HP: 113/113 MP: 18/18
 20120 | Lair:5   | Noticed Snorg
 20281 | Lair:4   | Killed Snorg
 20534 | Lair:5   | Found a blossoming altar of Fedhas.
 21663 | Lair:6   | Entered Level 6 of the Lair of Beasts
 21760 | Lair:6   | Reached skill level 10 in Invocations
 22628 | Lair:6   | Reached skill level 5 in Dodging
 23143 | Lair:6   | Splashed by an oklob plant's acid

Vault maps used:
D:1:      lightli_arrival_isolated_outpost, serial_bayou_lagoon_a
D:2:      minmay_distorted
D:3:      uniq_sigmund
D:4:      nicolae_ru_awakened_eye, nicolae_qazlal_style_of_elements,
          uniq_natasha, uniq_edmund
D:5:      minmay_temple_entry_large_hall, serial_co_window_serial,
          co_window_paths_a, co_window_paths_b, co_window_corner_a,
          co_window_corner_a, co_window_of_opportunity_a, co_window_paths_a,
          co_window_cross_1, co_window_of_opportunity_b, co_window_2corner,
          co_window_2corner, co_window_of_opportunity_c, co_window_broadway_a,
          glass_columns_b, glass_columns_b, glass_columns_a, glass_columns_b,
          glass_columns_a, first_bread, nicolae_tso_besieged_by_evil, uniq_ijyb
D:6:      led_sif_pool, zin_purify, serial_shops, nicolae_shop_crystal
D:7:      lemuel_round_altar, kennysheep_mini_moat, lemuel_doored_altar,
          serial_park_tiny_1
D:8:      lemuel_crystal_altar, bloody_trog, minmay_overflow_temple_star_quad,
          uniq_prince_ribbit1
D:9:      lemuel_coloured_pillars_altar, marbit_many_paths, basic_altar,
          st_stairs_11, grunt_ogre_cave
D:10:     basic_altar
D:11:     erik_lair_orcish_takeover, orc_0_dummy
Temple:   compressed_dpeg_triangle_lava_temple
Lair:3:   serial_bayou_shore_a
Lair:4:   minmay_shoals_entry_lonely_mermaid, nicolae_spider_entry_tight_spaces,
          kennysheep_catoblepas_arena
Lair:5:   lemuel_centaur_altar, uniq_snorg, uniq_rupert
Lair:6:   minmay_lair_end_frog_pond, slime_altar_1,
          nicolae_quartered_pool_medium, minmay_lair_oklob_bushes

Skill      XL: |  1  2  3  4  5  6  7  8  9 10 11 12 13 |
---------------+----------------------------------------+-----
Fighting       | 2 3 7 10 | 10.0
Axes           | 2 5 7 8 10 13 14 15 17 18 | 18.3
Armour         | 4 9 10 | 10.0
Shields        | 1 4 |  4.4
Invocations    | 8 11 | 11.0
Dodging        | 5 |  5.2
Stealth        | |  1.5
Spellcasting   | |  1.3
Conjurations   | |  0.6
Fire Magic     | |  2.1

Action                   |  1- 3 |  4- 6 |  7- 9 | 10-12 | 13-15 || total
-------------------------+-------+-------+-------+-------+-------++-------
Melee: Dagger            |    58 |       |       |       |       ||    58
       Unarmed           |     8 |       |       |       |       ||     8
       Headbutt          |    14 |    24 |    82 |   109 |    36 ||   265
       Hand axe          |    27 |   185 |   541 |       |       ||   753
       Flail             |       |       |    27 |   588 |   180 ||   795
Throw: Throwing net      |       |       |       |     1 |       ||     1
 Cast: Flame Tongue      |     1 |       |       |       |       ||     1
Invok: Minor Destruction |       |       |       |     6 |     9 ||    15
       Lesser Servant of |       |       |       |     6 |    20 ||    26
       Major Destruction |       |       |       |       |     1 ||     1
Evoke: Wand              |       |     2 |     5 |     4 |       ||    11
  Use: Scroll            |       |    13 |     5 |    13 |     2 ||    33
       Potion            |       |     4 |     1 |     2 |     5 ||    12
 Stab: Paralysed         |       |     3 |     8 |       |       ||    11
       Sleeping          |       |       |     3 |     9 |       ||    12
       Distracted        |       |       |       |     3 |     5 ||     8
  Eat: Chunk             |     1 |     8 |    17 |    22 |    20 ||    68
       Royal jelly       |       |       |     1 |       |       ||     1
       Fruit             |       |       |     3 |    13 |       ||    16
Armor: Scale mail        |    55 |    61 |       |       |       ||   116
       Robe              |     1 |       |       |       |       ||     1
       Chain mail        |       |    32 |   168 |       |       ||   200
       Ring mail         |       |       |    43 |   239 |    64 ||   346
Dodge: Dodged            |    51 |    64 |   151 |   297 |   108 ||   671
Block: Buckler           |       |       |       |    71 |    37 ||   108

Table legend:
 A = Spawn XP
 B = Non-spawn XP
 C = Spawn XP percentage of total XP
 D = Spawn monster count
 E = Non-spawn monster count
 F = Spawn count percentage of total count
 G = Total turns spent on level
                    A         B        C        D         E        F      G
               +---------+---------+-------+---------+---------+-------+---------
         Total |       0 |   55457 |   0.0 |       0 |     469 |   0.0 | 23143
               +---------+---------+-------+---------+---------+-------+---------
           D:1 |       0 |      36 |   0.0 |       0 |      20 |   0.0 |  1052
           D:2 |       0 |     123 |   0.0 |       0 |      31 |   0.0 |  1825
           D:3 |       0 |     563 |   0.0 |       0 |      20 |   0.0 |  1004
           D:4 |       0 |     469 |   0.0 |       0 |      19 |   0.0 |  1107
           D:5 |       0 |     648 |   0.0 |       0 |      29 |   0.0 |  1513
           D:6 |       0 |     928 |   0.0 |       0 |      29 |   0.0 |  1237
           D:7 |       0 |    1065 |   0.0 |       0 |      20 |   0.0 |   999
           D:8 |       0 |    2962 |   0.0 |       0 |      36 |   0.0 |  1843
           D:9 |       0 |    2089 |   0.0 |       0 |      39 |   0.0 |  1258
          D:10 |       0 |     820 |   0.0 |       0 |      24 |   0.0 |   584
          D:11 |       0 |    5025 |   0.0 |       0 |      47 |   0.0 |  1088
        Lair:1 |       0 |    8097 |   0.0 |       0 |      24 |   0.0 |  2020
        Lair:2 |       0 |    1971 |   0.0 |       0 |      10 |   0.0 |   872
        Lair:3 |       0 |    2116 |   0.0 |       0 |      12 |   0.0 |   911
        Lair:4 |       0 |   10439 |   0.0 |       0 |      33 |   0.0 |  2755
        Lair:5 |       0 |    7292 |   0.0 |       0 |      23 |   0.0 |  1278
        Lair:6 |       0 |   10814 |   0.0 |       0 |      53 |   0.0 |  1480
               +---------+---------+-------+---------+---------+-------+---------
